cohdb
Replays
Latest Replays
All Replays
Popular Replays
Top Player Replays
Match Explorer
How It Works
Community
CoH3 Stats
Reddit
Sign in to upload your games and track your stats! →
Sign in with Steam
Match 45456885
Unlisted
Match 45456885
Overview
Messages
Build Orders
End
Vickers Machine Gun Team
Construct Section Command Post
Infantry Section
Infantry Section
Construct Platoon Command Post
Selects Air and Sea Battlegroup
Selects Commando Section Paradrop
Selects M1 Pack Howitzer Paradrop
M1 Pack Howitzer Paradrop
Commando Section Paradrop
Humber Armored Car
Construct Company Command Post
Foot Guards Section
Infantry Training
Selects Anti-tank Rocket Loiter
Anti-tank Rocket Loiter
Unlock M3 Grant Medium Tanks
Selects Supply Surplus
Selects UNKNOWN (223837)
M3 Grant Medium Tank
CMP 15cwt Truck
Foot Guards Section
M3 Grant Medium Tank
Royal Engineer Section
M3 Grant Medium Tank
Foot Guards Section
Selects Naval Bombardment
M3 Grant Medium Tank
M3 Grant Medium Tank
Royal Engineer Section
Armored Vehicle Training
Naval Bombardment
Champion
PayPerPaper
hahnsh06
Hellmoe
A-6 Intruder over Da Nang, 1968
Vest
0
0
Comments
sign in to comment!
No comments posted yet!